 Dungeon Crawl Stone Soup version 0.26-a0-850-g97a50ab700 (webtiles) character file.

Game seed: 13441014488459482728

731 miscthings the Cleaver (level 7, 0/78 HPs)
             Began as a Hill Orc Transmuter on Nov 20, 2020.
             Slain by Pikel
             ... wielding a +1 whip of electrocution
              (7 damage)
             ... on level 5 of the Dungeon.
             The game lasted 00:08:28 (4823 turns).

miscthings the Cleaver (Hill Orc Transmuter)        Turns: 4823, Time: 00:08:28

Health: 0/78       AC:  6    Str: 15    XL:     7   Next: 73%
Magic:  18/18      EV: 16    Int: 13    God:
Gold:   131        SH:  0    Dex: 17    Spells: 8/9 levels left

rFire    . . .     SeeInvis .   c - +1 hand axe (freeze)
rCold    . . .     Faith    .   (no shield)
rNeg     . . .     Spirit   .   u - +0 leather armour of Ethics {+Fly MP+9}
rPois    .         Reflect  .   g - +2 helmet
rElec    .         Harm     .   (no cloak)
rCorr    .         Rampage  .   (no gloves)
MR       .....                  (no boots)
Stlth    ..........             (no amulet)
HPRegen  0.23/turn              r - +4 ring of evasion
MPRegen  0.16/turn              t - +6 ring of dexterity

@: berserking, very slightly contaminated, invisible (expiring), very quick
A: no striking features
a: Evoke Flight


You were on level 5 of the Dungeon.
You visited 1 branch of the dungeon, and saw 5 of its levels.

You collected 131 gold pieces.

Inventory:

Hand Weapons
 c - a +1 hand axe of freezing (weapon)
Armour
 g - a +2 helmet (worn)
 u - the +0 leather armour of Ethics (worn) {+Fly MP+9}
   (You found it on level 5 of the Dungeon)

   It affects your magic capacity (+9).
   It lets you fly.
Jewellery
 r - a +4 ring of evasion (left hand)
 t - a +6 ring of dexterity (right hand)
Scrolls
 a - a scroll of fear {unknown}
 d - 2 scrolls of teleportation
 f - 2 scrolls of magic mapping
 i - a scroll of remove curse
 j - 2 scrolls of noise {unknown}
 l - a scroll of enchant armour
 n - a scroll of immolation
 q - a scroll of amnesia {unknown}
Potions
 b - a potion of invisibility
 e - a potion of berserk rage
 h - a potion of haste {unknown}
 k - a potion of degeneration {unknown}
 m - a potion of cancellation
 o - 2 potions of heal wounds
 p - 2 potions of lignification {unknown}
 s - a potion of attraction {unknown}


   Skills:
 - Level 1.2 Fighting
 + Level 10.3 Axes
 - Level 1.5 Dodging
 - Level 3.2 Unarmed Combat
 - Level 1.5 Spellcasting
 - Level 2.0 Transmutations


You had 8 spell levels left.
You knew the following spells:

 Your Spells              Type           Power        Failure   Level
a - Beastly Appendage     Tmut           #.....       14%         1

Your spell library contained the following spells:

 Spells                   Type           Power        Failure   Level
 Wereblood                Tmut           #.......     22%         2
 Spider Form              Tmut/Pois      #.........   54%         3
 Ice Form                 Ice/Tmut       #.......     91%         4
 Blade Hands              Tmut           #.........   98%         5


Dungeon Overview and Level Annotations

Branches:
Dungeon (5/15)
 Temple: D:4-7

Altars:
Ashenzari
Dithmenos
Elyvilon
Qazlal
Uskayaw

Annotations:
D:4 Dowan, Duvessa
D:5 Pikel


Message History

You strike the helpless Pikel from behind!
You hit Pikel but do no damage.
Pikel is moderately wounded.
Pikel hits you with a +1 whip of electrocution!
You are electrocuted!!
* * * LOW HITPOINT WARNING * * *
You hit Pikel but do no damage.
Pikel is moderately wounded.
You barely miss Pikel.
Pikel is moderately wounded.
Pikel completely misses you.
A red film seems to cover your vision as you go berserk!
You feel yourself moving faster!
You feel mighty! Pikel hits you but does no damage.
You are electrocuted!
* * * LOW HITPOINT WARNING * * *
You catch the helpless Pikel completely off-guard!
You hit Pikel. You freeze Pikel.
Pikel is heavily wounded.
Pikel hits you with a +1 whip of electrocution!
You die...

#.....##...#...
#.....##.#...#
#............#
#.....####...o#
#.......####..$. #
###o##....####.. ###
#5###.....# # #..
#K###.....######..
#@##....####..####
#.#...####...รท..##
#.#.####....##....
#.#........####...
#########.#..####..# ####
#..................#######
#.##########.####.........
#.# #...=...####### #.#
#.#####.# ###


You could see Pikel, a lemure and an orc.

Vanquished Creatures
  An ice beast (D:5)
  A centaur (D:5)
  2 lemures (D:5)
  A bullfrog (D:5)
  3 scorpions
  An orc wizard (D:5)
  A jelly (D:5)
  2 iguanas (D:5)
  2 worker ants (D:5)
  A hound skeleton (D:5)
  6 adders
  2 worms (D:2)
  A dart slug (D:2)
  12 orcs
  10 giant cockroaches
  7 goblins
  11 hobgoblins
  6 jackals
  4 quokkas
  8 bats
  6 frilled lizards
  7 kobolds
  15 rats
110 creatures vanquished.

Vanquished Creatures (others)
  A lemure (D:5)
1 creature vanquished.

Grand Total: 111 creatures vanquished

Notes
Turn   | Place    | Note
-------+----------+-------------------------------------------
     0 | D:1      | miscthings the Hill Orc Transmuter began the quest for the
                  | Orb.
     0 | D:1      | Reached XP level 1. HP: 16/16 MP: 3/3
   320 | D:1      | Reached XP level 2. HP: 23/23 MP: 4/4
   428 | D:1      | Reached skill level 1 in Axes
   622 | D:1      | Reached skill level 2 in Axes
   656 | D:1      | Reached XP level 3. HP: 22/28 MP: 5/5
  1123 | D:2      | Reached skill level 3 in Axes
  1284 | D:2      | Reached XP level 4. HP: 10/35 MP: 4/6
  1641 | D:2      | Reached skill level 4 in Axes
  2101 | D:2      | Found a white marble altar of Elyvilon.
  2368 | D:3      | Reached skill level 5 in Axes
  2421 | D:3      | Found a stormy altar of Qazlal.
  2443 | D:3      | Found a shadowy altar of Dithmenos.
  2449 | D:3      | Reached XP level 5. HP: 28/40 MP: 5/7
  2689 | D:4      | Found a broken altar of Ashenzari.
  2704 | D:4      | Noticed Duvessa
  2705 | D:4      | Noticed Dowan
  2872 | D:4      | Reached skill level 6 in Axes
  3040 | D:4      | Found a hide-covered altar of Uskayaw.
  3075 | D:5      | Entered Level 5 of the Dungeon
  3090 | D:5      | Reached skill level 7 in Axes
  3090 | D:5      | Reached XP level 6. HP: 33/47 MP: 8/8
  3244 | D:5      | Reached skill level 8 in Axes
  3464 | D:5      | Noticed an ice beast
  3486 | D:5      | Killed an ice beast
  3487 | D:5      | Reached skill level 9 in Axes
  3487 | D:5      | Reached XP level 7. HP: 30/52 MP: 9/9
  3688 | D:5      | Got a spiked leather armour
  3699 | D:5      | Identified the +0 leather armour of Ethics {+Fly MP+9} (You
                  | found it on level 5 of the Dungeon)
  4151 | D:5      | Noticed Pikel
  4172 | D:5      | HP: 2/52 [lemure[Pikel] (4)]
  4567 | D:5      | Reached skill level 10 in Axes
  4823 | D:5      | Slain by Pikel

Illustrated notes

Levels and vault maps discovered:
D:1:      zaba_arrival_water, layout_loops_ring, minivault_27,
          minmay_tetromino_l2
D:2:      minmay_roachtagon, layout_basic, minmay_misc_feat_tiny,
          lemuel_altar_in_water
D:3:      layout_basic, grunt_dithmenos_smoke, lemuel_round_altar, st_stairs_14,
          grunt_qazlal_clouds
D:4:      layout_layer_cave, evilmike_ruin_ashenzari, kennysheep_mini,
          uniq_duvessa, uniq_edmund
D:5:      layout_loops_ring, chequers_avenue, minmay_misc_feat_x,
          grunt_decor_junction, uniq_pikel

Skill      XL: |  1  2  3  4  5  6  7 |
---------------+----------------------+-----
Transmutations | 2 |  2.0
Axes           | 2 3 5 7 9 10 | 10.3
Fighting       | |  1.2
Dodging        | |  1.5
Unarmed Combat | |  3.2
Spellcasting   | |  1.5

Action                   |  1- 3 |  4- 6 |  7- 9 || total
-------------------------+-------+-------+-------++-------
Melee: Unarmed           |    42 |       |       ||    42
       Kick              |    15 |    13 |     6 ||    34
       Headbutt          |     4 |    10 |     6 ||    20
       Hand axe          |    62 |   163 |    95 ||   320
       Punch             |     1 |     1 |     2 ||     4
 Cast: Beastly Appendage |    14 |    12 |     2 ||    28
  Use: Scroll            |       |     9 |     2 ||    11
       Potion            |       |       |     2 ||     2
 Stab: Invisible         |       |       |     3 ||     3
Armor: Robe              |    19 |    22 |       ||    41
       Leather armour    |       |       |    13 ||    13
Dodge: Dodged            |    59 |   106 |    57 ||   222

Table legend: (Time is in decaauts)
 A = Elapsed time spent in this place.
 B = Non-inter-level travel time spent in this place.
 C = Inter-level travel time spent in this place.
 D = Time resting spent in this place.
 E = Time spent auto-exploring this place.
 F = Levels seen in this place.
 G = Mean time per level.
                   A        B        C        D        E       F      G
               +--------+--------+--------+--------+--------+-----+--------+
         Total |   4821 |   4744 |     77 |   2155 |   1515 |   5 |  964.2 |
       Dungeon |   4821 |   4744 |     77 |   2155 |   1515 |   5 |  964.2 |
               +--------+--------+--------+--------+--------+-----+--------+

Top non-repeatable levels by time:
     D:5: 1725 daAuts
     D:2: 1410 daAuts
     D:1: 940 daAuts
     D:3: 383 daAuts
     D:4: 362 daAuts
